 Dungeon Crawl Stone Soup version bcrawl-1.41.1 (webtiles) character file.

Game seed: 4494361401614143195

196351 Grimmash the Ducker (level 8, -6/46 HPs)
             Began as an Avariel Archaeologist on Apr 19, 2024.
             Mangled by a bullfrog (11 damage)
             ... on level 6 of the Dungeon.
             The game lasted 00:08:45 (6846 turns).

Grimmash the Ducker (Avariel Archaeologist)         Turns: 6846, Time: 00:08:45

Health: -6/46      AC:  7    Str:  9      XL:     8   Next: 78%
Magic:  15/15      EV:  9    Int: 23      God:
Gold:   373        SH:  5    Dex:  9 (11) Spells: 14/14 levels left

rFire    + . .     GDR:     22% a - +1 flail (protect)
rCold    . . .     SeeInvis .   h - +1 buckler {reflect}
rNeg     . . .     Gourm    .   v - +0 ring mail
rPois    .         Faith    .   (helmet restricted)
rElec    .         Spirit   .   (no cloak)
rCorr    .         Reflect  +   (no gloves)
MR       .....                  A - +1 pair of boots
Stlth    +++.......             (no amulet)
HPRegen  0.17/turn              d - ring of stealth
MPRegen  0.14/turn              H - ring of protection from fire

@: heavily drained
A: horns 1, MP-powered wands
a: no special abilities


You were on level 6 of the Dungeon.
You were hungry.

You visited 1 branch of the dungeon, and saw 6 of its levels.

You collected 373 gold pieces.

Inventory:

Hand Weapons
 a - a +1 flail of protection (weapon)
 b - a +0 blowgun
Missiles
 f - 5 curare-tipped needles
 y - 4 poisoned tomahawks (quivered)
 E - 109 poisoned needles
Armour
 h - a +1 buckler of reflection (worn)
 j - a +0 helmet
 p - a +0 scale mail
 v - a +0 ring mail (worn)
 A - a +1 pair of boots (worn)
 D - a +1 robe of resistance
 F - a +0 cloak
Jewellery
 d - a ring of stealth (left hand)
 q - an uncursed ring of resist corrosion
 s - an uncursed ring of wizardry
 H - a ring of protection from fire (right hand)
Scrolls
 c - a scroll of enchant weapon {unknown}
 g - a scroll of revelation
 k - 4 scrolls of teleportation {unknown}
 w - a scroll of enchant armour {unknown}
 z - 2 scrolls of remove curse {unknown}
 B - a scroll of amnesia {unknown}
Potions
 i - a potion of brilliance {unknown}
 l - a potion of might
 m - 3 potions of curing
 n - a potion of berserk rage {unknown}
 o - 2 potions of degeneration {unknown}
 r - a potion of haste {unknown}
 t - a potion of magic {unknown}
 u - a potion of cancellation
 x - a potion of heal wounds {unknown}
 C - a potion of mutation
Comestibles
 e - 5 rations {!d}


   Skills:
 * Level 3.1(1.8) Fighting
 * Level 5.0(3.6) Maces & Flails
 * Level 3.5(2.2) Throwing
 + Level 2.7(1.3) Armour
 * Level 5.3(3.8) Dodging
 + Level 3.8(2.5) Stealth
 * Level 2.5(1.2) Shields
 * Level 3.8(2.4) Spellcasting


You had 14 spell levels left.
You didn't know any spells.
Your spell library was empty.

Dungeon Overview and Level Annotations

Branches:
Dungeon (6/12)
 Temple: D:4-7

Altars:

Annotations:
D:5 Menkaure


Innate Abilities, Weirdness & Mutations

You have a pair of small horns on your head.
You expend magic power (3 MP) to strengthen your wands.


Message History

You are too injured to fight recklessly!
You are too injured to fight recklessly!
You are too injured to fight recklessly!
You are too injured to fight recklessly!
A bullfrog is nearby!
You are too injured to fight recklessly!
You are too injured to fight recklessly!
You are too injured to fight recklessly!
You are too injured to fight recklessly!
You closely miss the bullfrog. Your headbutt misses the bullfrog.
The bullfrog is almost dead.
The bullfrog hits you. x2
You barely miss the bullfrog.
The bullfrog is almost dead.
The bullfrog hits you. The bullfrog hits you!
* * * LOW HITPOINT WARNING * * *
You barely miss the bullfrog.
The bullfrog is almost dead.
The bullfrog hits you!
You die...

### #.#######
#####........
#............
#.###....#### #.#
####.#
#######.####...#
#..........#.######
#.@........#.......
#F.........########
#.............
.......##..#####
........##..#
#........##..#
.(.......# ..#
.......... .#


You could see a bullfrog.

Vanquished Creatures
  A water moccasin (D:5)
  2 sky beasts
  A phantom (D:4)
  2 ogres (D:4)
  A centaur (D:5)
  A scorpion (D:4)
  6 wights
  A crimson imp (D:4)
  A quasit (D:5)
  2 hounds
  2 orc wizards
  A bullfrog skeleton (D:5)
  Jessica (D:2)
  2 iguanas
  A worker ant (D:3)
  Robin (D:2)
  7 gnolls
  8 adders
  A shadow imp (D:4)
  An adder skeleton (D:4)
  A worm (D:3)
  2 dart slugs (D:1)
  4 leopard geckos
  14 orcs
  7 bats
  3 giant cockroaches
  10 goblins
  13 hobgoblins
  11 jackals
  A quokka (D:3)
  5 frilled lizards
  4 kobolds
  5 rats
123 creatures vanquished.

Notes
Turn   | Place    | Note
-------+----------+-------------------------------------------
     0 | D:1      | Grimmash the Avariel Archaeologist began the quest for the
                  | Orb.
     0 | D:1      | Reached XP level 1. HP: 11/11 MP: 3/3
   171 | D:1      | Reached skill level 1 in Fighting
   171 | D:1      | Reached XP level 2. HP: 16/16 MP: 4/4
   314 | D:1      | Reached skill level 1 in Maces & Flails
   784 | D:2      | Noticed Robin
   798 | D:1      | Reached skill level 1 in Spellcasting
   798 | D:1      | Reached XP level 3. HP: 4/20 MP: 6/6
  1107 | D:2      | Killed Robin
  1407 | D:2      | Noticed Jessica
  1417 | D:2      | Killed Jessica
  1418 | D:2      | Reached skill level 1 in Armour
  1418 | D:2      | Reached XP level 4. HP: 13/25 MP: 7/7
  1497 | D:2      | Reached skill level 1 in Throwing
  1634 | D:2      | Reached XP level 5. HP: 29/29 MP: 9/9
  1634 | D:2      | Identified a scroll of acquirement
  1635 | D:2      | Identified the ring of Qekk {*Slow +Blink rF+ MR+} (You
                  | acquired it on level 2 of the Dungeon)
  2897 | D:3      | Reached XP level 6. HP: 17/34 MP: 10/10
  3592 | D:4      | Noticed a phantom
  3607 | D:4      | Reached skill level 1 in Shields
  3661 | D:4      | Killed a phantom
  3662 | D:4      | Reached XP level 7. HP: 15/39 MP: 12/12
  5063 | D:4      | Reached XP level 8. HP: 39/45 MP: 14/14
  5167 | D:5      | Entered Level 5 of the Dungeon
  5311 | D:5      | Reached skill level 5 in Dodging
  5527 | D:5      | Noticed Menkaure
  5611 | D:5      | Gained mutation: You expend magic power (3 MP) to
                  | strengthen your wands. [potion of mutation]
  5611 | D:5      | Gained mutation: You have a pair of small horns on your
                  | head. [potion of mutation]
  6207 | D:5      | Reached skill level 5 in Maces & Flails
  6846 | D:6      | Mangled by a bullfrog

Skill      XL: |  1  2  3  4  5  6  7  8 |
---------------+-------------------------+-----
Fighting       | 1 2 3 |  3.1
Maces & Flails | 1 2 3 4 5 |  5.0
Spellcasting   | 1 2 3 |  3.8
Armour         | 1 2 |  2.7
Dodging        | 4 5 |  5.3
Throwing       | 2 3 |  3.5
Shields        | 1 2 |  2.5
Stealth        | |  3.8

Action                   |  1- 3 |  4- 6 |  7- 9 || total
-------------------------+-------+-------+-------++-------
Melee: Whip              |    34 |       |       ||    34
       Mace              |    86 |     6 |       ||    92
       Flail             |       |   245 |   354 ||   599
       Headbutt          |       |       |     5 ||     5
 Fire: Blowgun           |       |     1 |       ||     1
Throw: Tomahawk          |       |    12 |    10 ||    22
  Use: Potion            |       |     1 |     5 ||     6
       Scroll            |       |     1 |     1 ||     2
 Stab: Sleeping          |     5 |     8 |     9 ||    22
       Distracted        |       |     1 |       ||     1
  Eat: Chunk             |     5 |    15 |    19 ||    39
       Ration            |       |       |     1 ||     1
Armor: Robe              |    48 |    31 |       ||    79
       Ring mail         |       |   107 |   211 ||   318
Dodge: Dodged            |    93 |   121 |   178 ||   392
Block: Buckler           |       |    49 |   111 ||   160
